 Dungeon Crawl Stone Soup version 0.19-a0-1162-g527d089 (webtiles) character file.

46 Booris the Chiller (level 3, -2/22 HPs)
             Began as an Octopode Ice Elementalist on Aug 14, 2016.
             Slain by a goblin (6 damage)
             ... led by Robin
             ... on level 2 of the Dungeon.
             The game lasted 00:03:34 (1577 turns).

Booris the Chiller (Octopode Ice Elementalist)      Turns: 1577, Time: 00:03:34

Health: -2/22      AC:  1    Str:  7    XL:     3   Next: 68%
Magic:  6/6        EV: 14    Int: 18    God:
Gold:   10         SH:  0    Dex: 17    Spells: 3 memorised, 0 levels left

rFire  . . .     SeeInvis .     i - +1 dagger (speed)
rCold  . . .     Gourm    .     (no shield)
rNeg   . . .     Faith    .     (helmet restricted)
rPois  .         Spirit   .     (no amulet)
rElec  .         Dismiss  .     g - +5 ring of dexterity
rCorr  .         Reflect  .     (no ring)
MR     .....     Harm     .     (no ring)
Stlth  ++++......               (no ring)
                                (no ring)
                                (no ring)
                                (no ring)
                                (no ring)

@: no status effects
A: almost no armour, amphibious, 8 rings, constrict 8, camouflage 1, gelatinous
body 1
a: no special abilities


You were on level 2 of the Dungeon.
You were not hungry.

You visited 1 branch of the dungeon, and saw 2 of its levels.

You collected 10 gold pieces.

Inventory:

Hand Weapons
 i - a +1 dagger of speed (weapon)
Jewellery
 g - a +5 ring of dexterity (left tentacle)
Scrolls
 c - a scroll of remove curse {unknown}
Potions
 d - a potion of heal wounds {unknown}
 e - a potion of agility {unknown}
Books
 a - a book of Frost

   Spells                             Type                      Level
   a - Freeze                         Ice                          1
   b - Throw Frost                    Conjuration/Ice              2
   c - Ozocubu's Armour               Charms/Ice                   3
   d - Throw Icicle                   Conjuration/Ice              4
   e - Summon Ice Beast               Ice/Summoning                4
Comestibles
 b - a bread ration
 f - a chunk of flesh
 h - a meat ration


   Skills:
 + Level 0.6 Fighting
 + Level 2.3 Dodging
 + Level 3.5 Stealth
 + Level 0.2 Unarmed Combat
 + Level 2.3 Spellcasting
 + Level 1.0 Conjurations
 + Level 3.5 Ice Magic


You couldn't memorise any spells.
You knew the following spells:

 Your Spells              Type           Power        Failure   Level  Hunger
a - Freeze                Ice            ##..         4%          1    #......
b - Throw Frost           Conj/Ice       ##....       12%         2    ##.....
c - Ozocubu's Armour      Chrm/Ice       #.......     30%         3    ###....


Dungeon Overview and Level Annotations

Branches:
Dungeon (2/15)

Altars:

Annotations:
D:2 Robin


Innate Abilities, Weirdness & Mutations

You cannot wear most types of armour.
You are amphibious.
You can wear up to eight rings at the same time.
You can use your tentacles to constrict eight enemies at once.
Your skin changes colour to match your surroundings (Stealth+).
Your rubbery body absorbs attacks. (AC +1, EV +1)


Message History

The goblin shouts!
You hear a shout! x2
The goblin hits you with a club.
You closely miss the goblin. Your grab misses the goblin.
You squeeze the goblin.
You kill the goblin!
Robin roars a battlecry!
The goblins go into a battle-frenzy! 2 hobgoblins come into view.
You hit the goblin.
You kill the goblin!
A goblin and a hobgoblin come into view.
You closely miss the goblin.
The goblin shouts!
You grab the goblin. You constrict the goblin. Robin throws the goblin at you!
The goblin hits you.
* * * LOW HITPOINT WARNING * * *
You barely miss the goblin.
The goblin is moderately wounded.
You constrict the goblin. The goblin hits you.
You die...

g..# #gg. #..g .g.
##.. #### ... ..(
#†#g## #.@).# ##g#.#
#.#..# #.##.##
#..#..#
#######.##.#######
.....)............
########.#..########
#..#.#......#


You could see Robin, 3 hobgoblins and 3 goblins.

Vanquished Creatures
  An ooze (D:1)
  3 dart slugs (D:1)
  3 giant geckos
  A ball python (D:1)
  A giant cockroach (D:1)
  5 goblins
  5 hobgoblins (D:1)
  A bat (D:1)
  4 giant newts (D:1)
  5 kobolds
  4 rats (D:1)
33 creatures vanquished.

Notes
Turn   | Place    | Note
-------+----------+-------------------------------------------
     0 | D:1      | Booris the Octopode Ice Elementalist began the quest for the Orb.
     0 | D:1      | Reached XP level 1. HP: 11/11 MP: 3/3
    51 | D:1      | Reached XP level 2. HP: 3/17 MP: 5/5
   913 | D:1      | Reached XP level 3. HP: 21/21 MP: 6/6
  1525 | D:1      | Learned a level 2 spell: Throw Frost
  1529 | D:1      | Learned a level 3 spell: Ozocubu's Armour
  1572 | D:2      | Noticed Robin
  1577 | D:2      | Slain by a goblin

Vault maps used:
D:1:      dpeg_arrival_three_same_balls
D:2:      trog_butcher_becter, uniq_robin

Skill      XL: |  1  2 |
---------------+-------+-----
Stealth        | 3 |  3.5
Fighting       | |  0.6
Dodging        | |  2.3
Unarmed Combat | |  0.2
Spellcasting   | |  2.3
Conjurations   | |  1.0
Ice Magic      | |  3.5

Action                   || total
-------------------------++-------
Melee: Unarmed           ||    38
       Tentacles         ||    14
       Constrict         ||    19
       Dagger            ||    44
 Stab: Sleeping          ||     9
  Eat: Chunk             ||     2
Armor: Skin              ||     8
Dodge: Dodged            ||    41
